 Dungeon Crawl Stone Soup version 0.31-a0-325-g067879e3d3 (webtiles) character file.

Game seed: 9497056660379611424

219 BrainTurd the Conjurer (level 5, -2/31 HPs)
             Began as an Octopode Hedge Wizard on July 18, 2023.
             Was an Initiate of Sif Muna.
             Succumbed to a gnoll sergeant's poison
             ... on level 4 of the Dungeon on July 19, 2023.
             The game lasted 00:17:12 (3862 turns).

BrainTurd the Conjurer (Octopode Hedge Wizard)      Turns: 3862, Time: 00:17:13

Health: -2/31      AC:  5    Str: 10    XL:     5   Next: 96%
Magic:  2/9        EV: 13    Int: 18    God:    Sif Muna [......]
Gold:   146        SH:  0    Dex: 11    Spells: 4/10 levels left

rFire   . . .        a - +0 dagger
rCold   . . .        (no shield)
rNeg    . . .        b - +0 hat
rPois   .            (no amulet)
rElec   .            s - +4 ring of protection
rCorr   .            (no ring)
SInv    .            (no ring)
Will    .....        (no ring)
Stlth   +++          (no ring)
HPRegen 0.25/turn    (no ring)
MPRegen 0.11/turn    (no ring)
                     (no ring)

%: no passive effects
@: lethally poisoned (-2 -> -25)
A: almost no armour, amphibious, 8 rings, camouflage 1, gelatinous body 1,
(nimble swimmer 1), tentacles
a: Renounce Religion


You were on level 4 of the Dungeon.
You worshipped Sif Muna.
Sif Muna was noncommittal.
You visited 2 branches of the dungeon, and saw 6 of its levels.

You collected 146 gold pieces.

Inventory:

Hand Weapons
 a - a +0 dagger (weapon)
Armour
 b - a +0 hat (worn)
Jewellery
 m - an amulet of guardian spirit
 s - a +4 ring of protection (left tentacle)
Scrolls
 d - a scroll of amnesia {unknown}
 e - a scroll of blinking {unknown}
 f - 3 scrolls of summoning {unknown}
 g - 2 scrolls of identify {unknown}
 i - 7 scrolls of teleportation {unknown}
 q - 2 scrolls of fog {unknown}
 r - a scroll of brand weapon {unknown}
Potions
 c - 3 potions of magic
 h - a potion of resistance {unknown}
 j - 3 potions of berserk rage {unknown}
 k - 3 potions of curing {unknown}
 l - 2 potions of might {unknown}
 n - 2 potions of lignification {unknown}
 o - a potion of cancellation {unknown}
 p - a potion of ambrosia {unknown}
 t - 2 potions of enlightenment {unknown}
 u - a potion of haste {unknown}
 v - a potion of heal wounds


   Skills:
 - Level 2.0 Dodging
 - Level 2.6 Stealth
 - Level 3.0 Spellcasting
 * Level 3.6 Conjurations
 + Level 2.9 Summonings
 + Level 3.2 Translocations


You had 4 spell levels left.
You knew the following spells:

 Your Spells              Type           Power      Damage    Failure   Level
a - Magic Dart            Conj           60%        1d6       3%          1
b - Slow                  Hex            8%         N/A       16%         1
c - Blink                 Tloc           28%        N/A       6%          2
d - Call Imp              Summ           26%        N/A       8%          2

Your spell library contained the following spells:

 Spells                   Type           Power      Damage    Failure   Level
 Cigotuvi's Dreadful Rot  Necr/Pois/Air  4%         N/A       24%         2
 Mephitic Cloud           Conj/Pois/Air  7%         N/A       30%         3


Dungeon Overview and Level Annotations

Branches:
Dungeon (5/15)             Temple (1/1) D:4

Altars:
Cheibriados
Elyvilon
Fedhas
Hepliaklqana
Makhleb
Okawaru
Ru
Sif Muna
Trog
Wu Jian
Xom
Yredelemnul
Zin
The Shining One

Annotations:
Temple 2 transporters


Innate Abilities, Weirdness & Mutations

You cannot wear most types of armour.
You are amphibious.
You can wear up to eight rings at the same time.
Your skin changes colour to match your surroundings (Stealth+).
Your rubbery body absorbs attacks. (AC +1, EV +1)
((You are camouflaged when in or above water. (Stealth+)))
You have tentacles for arms and can constrict up to eight enemies at once.


Message History

Casting: Magic Dart (safe; 3% risk of failure)
Confirm with . or Enter, or press ? or * to list all spells.
A tiny devil pulls itself out of the air.
The gnoll sergeant barely misses you.
Casting: Call Imp (safe; 8% risk of failure)
Confirm with . or Enter, or press ? or * to list all spells.
A tiny devil pulls itself out of the air.
Your cerulean imp disappears in a puff of smoke!
The gnoll sergeant barely misses you.
Your cerulean imp barely misses the gnoll sergeant.
Aiming: Magic Dart (safe; 3% risk of failure)
Press: ? - help, Q - select action, (/) - cycle Shift-Dir - straight line, f - gnoll sergeant
Aim: a gnoll sergeant, wielding a +2 spear of venom and wearing a +0 scale mail (ally target, 100% to hit)
The magic dart hits the gnoll sergeant but does no damage.
The gnoll sergeant closely misses you.
Your cerulean imp hits the gnoll sergeant but does no damage.
Aiming: Magic Dart (safe; 3% risk of failure)
Press: ? - help, Q - select action, (/) - cycle Shift-Dir - straight line, f/p - gnoll sergeant
Aim: a gnoll sergeant, wielding a +2 spear of venom and wearing a +0 scale mail (black smoke, ally target, 100% to hit)
The magic dart hits the gnoll sergeant.
The gnoll sergeant is lightly wounded.
The gnoll sergeant hits you from afar with a +2 spear of venom!
You are lethally poisoned!
Your cerulean imp hits the gnoll sergeant but does no damage.
Aiming: Magic Dart (safe; 3% risk of failure)
Press: ? - help, Q - select action, (/) - cycle Shift-Dir - straight line, f/p - gnoll sergeant
Aim: a gnoll sergeant, wielding a +2 spear of venom and wearing a +0 scale mail (lightly wounded, ally target, 100% to hit)
The magic dart hits the gnoll sergeant.
The gnoll sergeant is lightly wounded.
You feel very sick.
The gnoll sergeant hits you from afar with a +2 spear of venom.
* * * LOW HITPOINT WARNING * * *
You are more poisoned.
Your cerulean imp says, "OK, boss!"
Your cerulean imp hits the gnoll sergeant from afar with a -3 spear.
* * * LOW HITPOINT WARNING * * *
You feel extremely sick.
Your cerulean imp closely misses the gnoll sergeant.
There is a stone staircase leading up here.
You die...

....#####...##....#....##
....#...........#....#..#####
.8.8#.......#.###....##..#..#
#####.......#.# #.##.#....#######
##...>........###.#....#.##......
##............##..#..#####.......
##.#.....>....##.....# ##.....♣♣.
.............###.....###......♣♣.
.............##.@#...##.......♣♣.
.........#....g..#####........♣♣.
........##..##...#####.......♣♣♣♣
........##....5...##.#......♣8♣♣8
........#.....##.....'..♣♣♣♣♣♣♣♣♣
..........#..##......'..♣♣♣♣♣♣♣♣♣
.......##.##.#.......#......♣8♣♣8
....#.##.............#.......♣♣♣♣
..#######............#........♣♣.


You could see a gnoll sergeant (ally target) and a friendly cerulean imp
(summoned).

Vanquished Creatures
  A hound (D:4)
  A sleepcap (D:3)
  Natasha (twice) (D:2)
  An adder (D:3)
  4 worms
  2 dart slugs
  2 orcs
  6 bats
  6 endoplasms
  2 giant cockroaches
  5 hobgoblins
  4 jackals (D:2)
  5 quokkas
  3 ball pythons
  3 frilled lizards
  2 goblins
  8 kobolds
  6 rats
63 creatures vanquished.

Vanquished Creatures (collateral kills)
  Natasha (D:2)
  A giant cockroach (D:2)
2 creatures vanquished.

Grand Total: 65 creatures vanquished

Notes
Turn   | Place    | Note
-------+----------+-------------------------------------------
     0 | D:1      | BrainTurd the Octopode Hedge Wizard began the quest for the
                  | Orb.
     0 | D:1      | Reached XP level 1. HP: 11/11 MP: 4/4
     2 | D:1      | Learned a level 1 spell: Slow
   139 | D:1      | Reached XP level 2. HP: 11/17 MP: 6/6
   389 | D:1      | Learned a level 2 spell: Blink
   392 | D:1      | Learned a level 2 spell: Call Imp
   760 | D:2      | Noticed Natasha
   926 | D:2      | Reached XP level 3. HP: 21/21 MP: 7/7
  1229 | D:2      | Killed Natasha
  1230 | D:2      | Reached XP level 4. HP: 4/27 MP: 8/8
  1410 | D:2      | Identified the +0 dagger of Wan Utukha {spect, rN+ Str+7
                  | Int+6}
  1463 | D:2      | Noticed Natasha
  1493 | D:2      | HP: 1/27 [Natasha/magic dart (8)]
  1501 | D:2      | Killed Natasha
  1506 | D:2      | Noticed Natasha
  1530 | D:2      | Killed Natasha
  1531 | D:2      | Reached XP level 5. HP: 7/31 MP: 0/9
  3331 | D:4      | Found a staircase to the Ecumenical Temple.
  3385 | D:4      | Found a shimmering altar of Xom.
  3425 | Temple   | Found a transporter.
  3425 | Temple   | Found a transporter.
  3425 | Temple   | Found a transporter.
  3425 | Temple   | Found a transporter.
  3425 | Temple   | Entered the Ecumenical Temple
  3456 | Temple   | Became a worshipper of Sif Muna the Loreminder
  3527 | D:4      | Found an iron altar of Okawaru.
  3527 | D:4      | Found an iron altar of Okawaru.
  3529 | D:4      | Found a glowing silver altar of Zin.
  3529 | D:4      | Found a snail-covered altar of Cheibriados.
  3529 | D:4      | Found a glowing golden altar of the Shining One.
  3610 | D:5      | Entered Level 5 of the Dungeon
  3653 | D:5      | Found a burning altar of Makhleb.
  3862 | D:4      | Succumbed to a gnoll sergeant's poison

Illustrated notes

Levels and vault maps discovered:
D:1:      dpeg_arrival_tiny_i, layout_loops_ring
D:2:      wad_pebble_path, layout_rooms, serial_forest,
          infiniplex_forest_lined_1, infiniplex_forest_end_1,
          infiniplex_forest_zigzag_1, infiniplex_forest_lined_4_way,
          infiniplex_forest_corner_1, infiniplex_forest_lined_2,
          infiniplex_forest_straight_1, infiniplex_forest_clump_large,
          infiniplex_forest_lined_2, nicolae_underground_beach, uniq_natasha
D:3:      minmay_angry_zag, layout_basic, minmay_statues_item, nrook_campfire
D:4:      layout_cave_pools, doesnt_xom_only_xom, lemuel_temple_firewalk_a,
          serial_park, serial_park_tiny_pond, serial_park_square2,
          serial_park_square3 [serial_park_minivault_5x5_1],
          kennysheep_cross_room
D:5:      layout_rooms, mainiacjoe_overflow_tiny_flanked
Temple:   hellmonk_temple_divided_pantheon

Skill      XL: |  1  2  3  4  5 |
---------------+----------------+-----
Conjurations   | 2 3 |  3.6
Translocations | 2 3 |  3.2
Summonings     | 2 |  2.9
Dodging        | |  2.0
Stealth        | |  2.6
Spellcasting   | |  3.0

Action                     |  1- 3 |  4- 6 || total
---------------------------+-------+-------++-------
  Melee: Dagger            |    55 |    65 ||   120
         Tentacles         |     9 |    15 ||    24
         Constrict         |     8 |    16 ||    24
         Punch             |     1 |     1 ||     2
   Cast: Magic Dart        |    28 |    49 ||    77
         Call Imp          |       |     6 ||     6
         Blink             |       |     2 ||     2
    Use: Potion            |       |     1 ||     1
   Stab: Sleeping          |    12 |     4 ||    16
 Armour: Skin              |       |     9 ||     9
  Dodge: Dodged            |    18 |    44 ||    62

Table legend: (Time is in decaauts)
 A = Elapsed time spent in this place.
 B = Non-inter-level travel time spent in this place.
 C = Inter-level travel time spent in this place.
 D = Time resting spent in this place.
 E = Time spent auto-exploring this place.
 F = Levels seen in this place.
 G = Mean time per level.
                   A        B        C        D        E       F      G
               +--------+--------+--------+--------+--------+-----+--------+
         Total |   3872 |   3456 |    416 |    382 |   2409 |   6 |  645.3 |
       Dungeon |   3811 |   3411 |    400 |    382 |   2409 |   5 |  762.2 |
        Temple |     60 |     44 |     16 |      0 |      0 |   1 |   60.0 |
               +--------+--------+--------+--------+--------+-----+--------+

Top non-repeatable levels by time:
     D:3: 1095 daAuts
     D:2: 931 daAuts
     D:1: 916 daAuts
     D:4: 862 daAuts
  Temple: 60 daAuts
     D:5: 6 daAuts
